 Dungeon Crawl Stone Soup version 0.27-a0-1149-g4505690ab0 (webtiles) character file.

Game seed: 4933523800825652634

164 kae the Slasher (level 5, -5/42 HPs)
             Began as a Demonspawn Fighter on May 12, 2021.
             Killed by divine providence
             ... invoked by an orc priest
              (13 damage)
             ... on level 3 of the Dungeon.
             The game lasted 00:02:10 (2285 turns).

kae the Slasher (Demonspawn Fighter)                Turns: 2285, Time: 00:02:11

Health: -5/42      AC:  6    Str: 17    XL:     5   Next: 21%
Magic:  5/5        EV:  6    Int:  9    God:
Gold:   126        SH:  8    Dex: 13    Spells: 4/4 levels left

rFire    . . .     SeeInvis .   a - +0 long sword
rCold    . . .     Faith    .   c - +0 kite shield
rNeg     . . .     Spirit   .   b - +0 scale mail
rPois    .         Reflect  .   (no helmet)
rElec    .         Harm     .   (no cloak)
rCorr    .         Rampage  .   (no gloves)
Will     .....                  (no boots)
Stlth    ..........             (no amulet)
HPRegen  0.14/turn              (no ring)
MPRegen  0.09/turn              (no ring)

@: lethally poisoned (-5 -> -15)
A: powered by pain 1, spiny 1
a: no special abilities


You were on level 3 of the Dungeon.
You visited 1 branch of the dungeon, and saw 3 of its levels.

You collected 150 gold pieces.
You spent 24 gold pieces at shops.

Inventory:

Hand Weapons
 a - a +0 long sword (weapon)
Armour
 b - a +0 scale mail (worn)
 c - a +0 kite shield (worn)
Scrolls
 f - a scroll of enchant armour
 g - a scroll of noise
 i - a scroll of identify
 j - a scroll of teleportation
Potions
 d - a potion of might
 e - 2 potions of degeneration
 h - a potion of attraction


   Skills:
 + Level 4.1 Fighting
 * Level 4.2 Long Blades
 - Level 2.6 Armour
 - Level 2.6 Shields


You had 4 spell levels left.
You didn't know any spells.
Your spell library was empty.

Dungeon Overview and Level Annotations

Branches:
Dungeon (3/15)

Altars:

Shops:
D:1 [!*


Innate Abilities, Weirdness & Mutations

You sometimes gain a little power by taking damage.
You are partially covered in sharp spines.


Message History

An orc comes into view. It is wielding a +0 trident.
The orc shouts!
You hear a shout!
You block the goblin's attack.
You closely miss the goblin.
An orc priest comes into view. It is wielding a +0 hand axe.
You block the goblin's attack. The goblin barely misses you.
You riposte.
The orc priest shouts!
You hit the goblin.
The goblin is moderately wounded.
An orc priest comes into view. It is wielding a +0 dagger.
There are monsters nearby!
You hit the goblin.
The goblin is heavily wounded.
The goblin hits you but does no damage.
You are poisoned.
You barely miss the goblin.
The goblin is heavily wounded.
You feel very sick.
The goblin hits you with a +2 dagger of venom.
You are more poisoned.
You block the orc's attack.
There are monsters nearby!
You closely miss the goblin.
The goblin is heavily wounded.
You feel very sick. You block the goblin's attack. The orc barely misses you.
The goblin hits you with a +2 dagger of venom.
You are more poisoned.
You are too injured to fight recklessly!
You feel very sick.
You feel very sick.
You feel very sick.
* * * LOW HITPOINT WARNING * * *
You feel sick.
The orc priest invokes the aid of Beogh against you.
Pain shoots through your body!
* * * LOW HITPOINT WARNING * * *
The orc priest invokes the aid of Beogh against you.
Beogh smites you!
You die...

# #
#.#.############
......oo.g.@..<#
.!.....o..####.#
..........#
#.#####
..#.####..#
#.....# . #..#
#.....#
#..####.........
#..............#
#..####.....##.#
#.####..####^#.###
#


You could see 2 orc priests, an orc and a goblin.

Vanquished Creatures
  A necrophage (D:2)
  3 adders
  2 dart slugs (D:1)
  An orc (D:3)
  A ball python (D:2)
  4 bats
  2 endoplasms
  2 giant cockroaches (D:1)
  7 goblins
  4 hobgoblins
  2 jackals (D:3)
  5 kobolds
  3 quokkas (D:1)
  4 frilled lizards (D:2)
  7 rats
48 creatures vanquished.

Vanquished Creatures (others)
  A plant (D:2)
1 creature vanquished.

Grand Total: 49 creatures vanquished

Notes
Turn   | Place    | Note
-------+----------+-------------------------------------------
     0 | D:1      | kae the Demonspawn Fighter began the quest for the Orb.
     0 | D:1      | Reached XP level 1. HP: 18/18 MP: 1/1
   114 | D:1      | Gained mutation: You are partially covered in sharp spines.
                  | [demonic ancestry]
   114 | D:1      | Reached XP level 2. HP: 19/24 MP: 2/2
   291 | D:1      | Found Nutzot's Distillery.
   303 | D:1      | Found Zeweopig's Armour Boutique.
   491 | D:1      | Found Civutweh's General Store.
   503 | D:1      | Bought a potion of degeneration for 12 gold pieces
   503 | D:1      | Bought a scroll of noise for 12 gold pieces
   630 | D:1      | Found a faded altar of an unknown god.
   766 | D:1      | Gained mutation: You sometimes gain a little power by
                  | taking damage. [demonic ancestry]
   766 | D:1      | Reached XP level 3. HP: 25/29 MP: 3/3
  1177 | D:2      | Noticed a necrophage
  1194 | D:2      | Killed a necrophage
  1195 | D:2      | Reached XP level 4. HP: 6/37 MP: 4/4
  1742 | D:2      | Reached XP level 5. HP: 32/42 MP: 5/5
  2285 | D:3      | Killed from afar by an orc priest

Illustrated notes

Levels and vault maps discovered:
D:1:      dpeg_arrival_boxorama, layout_basic, serial_shops, shop, shop, shop,
          shapermc_ecumenical_altar_mp_urbaneastern
D:2:      layout_rooms, serial_forest, infiniplex_forest_clump_small,
          infiniplex_forest_diagonal, infiniplex_forest_zigzag_1,
          infiniplex_forest_zigzag_2, infiniplex_forest_clump_cross,
          infiniplex_forest_end_3, infiniplex_forest_lined_4_way
D:3:      layout_loops_ring, nzn_wu_jian_council_hall, serial_shops,
          nicolae_shop_waterfront, nrook_mini_backslash

Skill      XL: |  1  2  3  4 |
---------------+-------------+-----
Long Blades    | 2 3 4 |  4.2
Fighting       | 4 |  4.1
Armour         | |  2.6
Shields        | |  2.6

Action                   |  1- 3 |  4- 6 || total
-------------------------+-------+-------++-------
Melee: Long sword        |    59 |    43 ||   102
  Use: Scroll            |     1 |     2 ||     3
Armor: Scale mail        |    25 |    11 ||    36
Dodge: Dodged            |    14 |    14 ||    28
Block: Kite shield       |    21 |    29 ||    50
       Rpst.: Long sword |     6 |     4 ||    10

Table legend: (Time is in decaauts)
 A = Elapsed time spent in this place.
 B = Non-inter-level travel time spent in this place.
 C = Inter-level travel time spent in this place.
 D = Time resting spent in this place.
 E = Time spent auto-exploring this place.
 F = Levels seen in this place.
 G = Mean time per level.
                   A        B        C        D        E       F      G
               +--------+--------+--------+--------+--------+-----+--------+
         Total |   2334 |   2269 |     65 |      0 |   1994 |   3 |  778.0 |
       Dungeon |   2334 |   2269 |     65 |      0 |   1994 |   3 |  778.0 |
               +--------+--------+--------+--------+--------+-----+--------+

Top non-repeatable levels by time:
     D:2: 1149 daAuts
     D:1: 992 daAuts
     D:3: 192 daAuts
